 Dungeon Crawl Stone Soup version 0.31.0-11-ge490571c62 (webtiles) character file.

Game seed: 17005793315150991811

3583 Gadfly the Insei (level 9, -1/102 HPs)
             Began as a Demonspawn Monk on Feb 1, 2024.
             Was an Initiate of Ru.
             Slain by a troll (8 damage)
             ... on level 6 of the Dungeon.
             The game lasted 00:14:05 (7139 turns).

Gadfly the Insei (Demonspawn Monk)                  Turns: 7139, Time: 00:14:05

Health: -1/102     AC: 24    Str: 16    XL:     9   Next: 85%
Magic:  0/9        EV:  2    Int: 10    God:    Ru [......]
Gold:   999        SH:  5    Dex: 14    Spells: 8/8 levels left

rFire   . . .        b - +9 spear of the Rescuing Gods {elec, rC+ Will+ Dex-2}
rCold   + . .        (no shield)
rNeg    . . .        a - melded +1 robe
rPois   +            s - melded +0 helmet
rElec   .            o - melded scarf {rC+ rF+}
rCorr   .            (gloves unavailable)
SInv    .            (boots currently unavailable)
Will    +....        y - amulet of reflection Stlth
                     (no ring)
HPRegen 0.37/turn    (no ring)
MPRegen 0.22/turn

%: reflection, guardian spirit
@: tree-form
A: stationary, stasis, torment immunity, boosted hp, (spiny 1), magic shield,
magic regeneration, no stealth, (demonic touch 3)
a: Renounce Religion


You were on level 6 of the Dungeon.
You worshipped Ru.
Ru was noncommittal.
You were a tree.
You visited 1 branch of the dungeon, and saw 7 of its levels.
You also visited: Ossuary.

You collected 1532 gold pieces.
You spent 533 gold pieces at shops.

Inventory:

Hand Weapons
 b - the +9 spear of the Rescuing Gods (weapon) {elec, rC+ Will+ Dex-2}
   (You found it on level 2 of the Dungeon)

   Dex-2:     It affects your dexterity (-2).
   rC+:       It protects you from cold.
   Will+:     It increases your willpower.
 r - a +5 whip of electrocution
Armour
 a - a +1 robe (melded)
 c - an orb of light
 o - a scarf of resistance (melded)
 s - a +0 helmet (melded)
Jewellery
 n - a ring of ice
 y - an amulet of reflection (around neck)
Talismans
 k - a blade talisman
 v - a flux talisman
Wands
 q - a wand of flame (41) (quivered)
 t - a wand of polymorph (12)
 x - a wand of roots (7)
Scrolls
 d - 2 scrolls of teleportation
 h - 2 scrolls of revelation
 p - a scroll of silence
 u - 7 scrolls of identify
 w - a scroll of fog
Potions
 e - a potion of haste
 f - a potion of curing
 i - 2 potions of might
 l - 3 potions of resistance
 m - 2 potions of mutation
 z - 2 potions of enlightenment


   Skills:
 + Level 5.6 Fighting
 + Level 5.9 Dodging
 * Level 7.0 Unarmed Combat
 - Level 5.9 Evocations
 * Level 6.2 Shapeshifting


You had 8 spell levels left.
You didn't know any spells.
Your spell library contained the following spells:

 Spells                   Type           Power      Damage    Failure   Level
 Apportation              Tloc           0%         N/A       36%         1
 Jinxbite                 Hex            0%         N/A       50%         2
 Alistair's Intoxication  Alch           0%         N/A       100%        5
 Malign Gateway           Summ/Tloc      0%         N/A       100%        7
 Summon Horrible Things   Summ           0%         N/A       100%        8


Dungeon Overview and Level Annotations

Branches:
Dungeon (7/15)            Ossuary (visited)
 Temple: D:4-7

Altars:
Kikubaaqudgha
Okawaru
Ru
Trog
Yredelemnul

Shops:
D:3 !   D:5 =(!


Innate Abilities, Weirdness & Mutations

You are a tree.
Your roots penetrate the ground, keeping you stationary.
You cannot be teleported.
You are immune to unholy pain and torment.
Your maximum health is greatly increased.
Your equipment is partially melded.
((You are partially covered in sharp spines.))
When hurt, damage is shared between your health and your magic reserves.
You regenerate magic rapidly.
You cannot be stealthy.
((Your touch may irresistibly damage your foes and sap their willpower.))


Message History

The troll claws you!
* * * LOW HITPOINT WARNING * * *
You block the troll's attack.
You puncture the troll!
The troll is moderately wounded.
The troll bites you but does no damage.
The troll claws you but does no damage. x2
You puncture the troll!
The troll is heavily wounded.
You block the troll's attack.
The troll claws you but does no damage. x2
You hit the troll.
The troll is severely wounded.
The troll bites you.
* * * LOW HITPOINT WARNING * * *
The troll claws you.
* * * LOW HITPOINT WARNING * * *
The troll claws you but does no damage.
You barely miss the troll.
The troll is heavily wounded.
The troll bites you but does no damage. You block the troll's attack.
The troll claws you but does no damage.
You barely miss the troll.
The troll is heavily wounded.
The troll bites you but does no damage. The troll completely misses you. x2
You barely miss the troll. Your punch misses the troll.
The troll is heavily wounded.
The troll bites you!
* * * LOW HITPOINT WARNING * * *
The troll claws you but does no damage. x2
You completely miss the troll. You punch the troll, but do no damage.
The troll is heavily wounded.
The troll bites you!
* * * LOW HITPOINT WARNING * * *
The troll claws you but does no damage. x2
Unknown command.
You hit the troll.
The troll is heavily wounded.
The troll bites you but does no damage. The troll claws you but does no damage.
You block the troll's attack.
You feel better. The troll bites you!
You die...

### ##♣### #### ####.T[.## #..###
#####..#.....# ##....#
###.##...##....#####.....##
##....#.........#..###.#...#
##.....#...................##
###..........................##
##.#..........#....[.....≈~≈...#
..........###.......[...≈≈~≈≈..##


You could see a troll.

Vanquished Creatures
  2 centaur zombies (D:7)
  A centaur skeleton (D:7)
  A hellwing (D:6)
  A wyvern (D:5)
  An ice beast (D:4)
  An orc warrior (D:6)
  2 ogres
  A centaur (D:7)
  2 gnoll sergeants
  3 scorpions
  10 wights
  2 howler monkeys (D:6)
  2 bombardier beetles
  4 hounds
  3 jellies
  3 orc priests (D:6)
  Crazy Yiuf (D:4)
  Jessica (D:3)
  2 sleepcaps
  2 iguanas (D:6)
  3 orc wizards
  8 mummies (Ossuary)
  Robin (D:4)
  6 adders
  10 gnolls
  2 shadow imps (D:7)
  A white imp (D:7)
  4 ufetubi
  A dart slug (D:5)
  16 orcs
  2 bat zombies (D:4)
  3 endoplasms (D:4)
  2 giant cockroaches
  5 gnoll zombies (Ossuary)
  21 goblins
  9 hobgoblins
  3 jackals (D:4)
  5 kobolds
  7 quokkas
  3 ball pythons
  5 bats
  3 frilled lizards
  A frilled lizard zombie (D:4)
  2 hobgoblin zombies (Ossuary)
  A kobold zombie (Ossuary)
  4 rats
173 creatures vanquished.

Notes
Turn   | Place    | Note
-------+----------+-------------------------------------------
     0 | D:1      | Gadfly the Demonspawn Monk began the quest for the Orb.
     0 | D:1      | Reached XP level 1. HP: 18/18 MP: 1/1
   163 | D:1      | Gained mutation: Your touch may inflict minor irresistible
                  | damage on your foes. [demonic ancestry]
   163 | D:1      | Reached XP level 2. HP: 6/24 MP: 2/2
   545 | D:1      | Reached skill level 3 in Unarmed Combat
   680 | D:2      | Reached skill level 1 in Evocations
  1065 | D:2      | Reached skill level 1 in Shapeshifting
  1185 | D:2      | Identified the +9 spear of the Rescuing Gods {elec, rC+
                  | Will+ Dex-2}
  1340 | D:2      | Identified a scroll of acquirement
  1340 | D:2      | Acquired 744 gold pieces
  1403 | D:3      | Reached XP level 3. HP: 28/29 MP: 3/3
  1434 | D:3      | Noticed Jessica
  1437 | D:3      | Killed Jessica
  1495 | D:3      | Reached XP level 4. HP: 35/35 MP: 4/4
  1512 | D:3      | Found Casuaxki's Distillery.
  1537 | D:3      | Bought a potion of degeneration for 11 gold pieces
  1540 | D:3      | Bought a potion of might for 44 gold pieces
  1540 | D:3      | Bought a potion of lignification for 33 gold pieces
  2198 | D:4      | Noticed an ice beast
  2202 | D:4      | Killed an ice beast
  2203 | D:4      | Gained mutation: Your touch may inflict irresistible damage
                  | on your foes. [demonic ancestry]
  2203 | D:4      | Reached XP level 5. HP: 41/41 MP: 5/5
  2327 | D:4      | Found an ancient bone altar of Kikubaaqudgha.
  2453 | D:4      | Noticed an ogre
  2456 | D:4      | Killed an ogre
  2457 | D:4      | Reached skill level 4 in Unarmed Combat
  2457 | D:4      | Gained mutation: You regenerate magic rapidly. [demonic
                  | ancestry]
  2457 | D:4      | Reached XP level 6. HP: 47/47 MP: 6/6
  2943 | D:4      | Noticed Robin
  2962 | D:4      | Killed Robin
  3188 | D:4      | Found a runed translucent door.
  3189 | D:4      | Noticed Crazy Yiuf
  3324 | D:4      | Killed Crazy Yiuf
  3434 | D:5      | Entered Level 5 of the Dungeon
  3468 | D:5      | Found a bloodstained altar of Trog.
  3468 | D:5      | Found a basalt altar of Yredelemnul.
  3510 | D:5      | Gained mutation: When hurt, damage is shared between your
                  | health and your magic reserves. [demonic ancestry]
  3510 | D:5      | Reached XP level 7. HP: 52/52 MP: 7/7
  3551 | D:5      | Found a sand-covered staircase.
  3555 | Ossuary  | Entered an ossuary
  3838 | D:5      | Found Azoits's Jewellery Shoppe.
  3846 | D:5      | Bought a blade talisman for 390 gold pieces
  3863 | D:5      | Found Kuxtar's Antique Weapon Shoppe.
  4029 | D:5      | Found a sacrificial altar of Ru.
  4046 | D:5      | HP: 1/42 [wight/+0 halberd (10)]
  4374 | D:5      | Found Fuuthree's Distillery.
  4379 | D:5      | Bought a potion of heal wounds for 55 gold pieces
  4390 | D:5      | Noticed a wyvern
  4394 | D:5      | Killed a wyvern
  4395 | D:5      | Gained mutation: You are partially covered in sharp spines.
                  | [demonic ancestry]
  4395 | D:5      | Reached XP level 8. HP: 49/60 MP: 6/8
  4446 | D:5      | Reached skill level 5 in Evocations
  4460 | D:5      | Became a worshipper of Ru the Awakened
  4470 | D:5      | Gained mutation: You cannot be stealthy. [Ru sacrifice]
  4772 | D:6      | Reached skill level 5 in Unarmed Combat
  4928 | D:6      | Found an iron altar of Okawaru.
  5467 | D:6      | Reached skill level 5 in Dodging
  5525 | D:6      | Reached skill level 5 in Shapeshifting
  5525 | D:6      | Gained mutation: Your touch may irresistibly damage your
                  | foes and sap their willpower. [demonic ancestry]
  5525 | D:6      | Reached XP level 9. HP: 52/65 MP: 5/9
  6516 | D:7      | Noticed a troll
  6603 | D:7      | Noticed a hellwing
  6646 | D:6      | Killed a hellwing
  6647 | D:6      | Reached skill level 6 in Unarmed Combat
  6803 | D:7      | Reached skill level 5 in Fighting
  7101 | D:7      | Reached skill level 7 in Unarmed Combat
  7129 | D:6      | HP: 4/102 [troll (4)]
  7137 | D:6      | HP: 1/102 [troll (9)]
  7139 | D:6      | Slain by a troll

Illustrated notes

Levels and vault maps discovered:
D:1:      psy_arrival_basics, layout_rooms
D:2:      layout_loops_corners
D:3:      layout_basic, serial_shops, shop, minmay_large_rounded_square,
          eino_tiny_chamber, minmay_misc_feat_plants,
          minmay_misc_feat_secret_circle, uniq_jessica
D:4:      kennysheep_goblin_castle, layout_loops_corners,
          lemuel_zombie_altar_kikubaaqudgha, uniq_crazy_yiuf_cottage
D:5:      layout_basic, amcnicky_altar_gilded, mainiacjoe_overflow_divided_tiny,
          nicolae_ossuary_entry_plus, serial_shops, shop,
          nicolae_shop_hallway_plus, shop,
          serial_library_regret_index_branch_corner, minmay_crossroads
D:6:      layout_cave_pools, elyvilon_altar_3, okawaru_trees_2,
          corexii_checkpoint
D:7:      cheibrodos_grave_circle, layout_rooms, minmay_temple_entry_nine_rooms,
          kennysheep_generic_room_6

Skill      XL: |  1  2  3  4  5  6  7  8  9 |
---------------+----------------------------+-----
Unarmed Combat | 3 4 5 7 |  7.0
Evocations     | 1 2 3 4 5 |  5.9
Shapeshifting  | 1 2 3 5 6 |  6.2
Dodging        | 3 4 5 |  5.9
Fighting       | 4 5 |  5.6

Action                     |  1- 3 |  4- 6 |  7- 9 || total
---------------------------+-------+-------+-------++-------
  Melee: Unarmed           |    52 |       |    18 ||    70
         Spear             |    12 |    76 |   254 ||   342
         Short sword       |     3 |       |       ||     3
         Touch             |     2 |     6 |    45 ||    53
         Punch             |       |     1 |     7 ||     8
 Invoke: Sacrifice Stealth |       |       |     1 ||     1
  Evoke: Wand              |       |       |     2 ||     2
    Use: Scroll            |     9 |     4 |     7 ||    20
         Potion            |       |     2 |     6 ||     8
 Armour: Robe              |    36 |    35 |   136 ||   207
         Skin              |       |       |    30 ||    30
  Dodge: Dodged            |    37 |    56 |   178 ||   271
  Block: Other             |       |       |     9 ||     9
         Reflection        |       |       |     1 ||     1
